Map: [ESL] Stargazers

Players

Rattata

  • Race: Zerg Zerg
  • Spawn Location: 1:00

YoungYakov - Winner!

  • Race: Zerg Zerg
  • Spawn Location: 11:00

Event: DreamHack SC2 Masters 2022 Atlanta (Online)

VOD

Have the link to the VOD?

Description

Time

  • Played on: Oct. 6, 2022, 12:59 p.m.
  • Length: 5:41

All games in this series

Show
View Real Time Build Order
Export as new Build Order

Rattata Zerg 

Build Orders: Hatch First 

Get SALT Encoding   

  12  0:00  Drone  
  13  0:12  Overlord  
  13  0:17  Drone  
  14  0:31  Drone x2  
  16  0:47  Hatchery  
  15  0:51  Drone  
  15  0:55  Drone  
  17  0:59  Drone  
  18  1:13  Spawning Pool  
  18  1:15  Drone  
  18  1:21  Drone  
  19  1:41  Drone  
  19  1:44  Hatchery  
  19  1:48  Drone  
  20  1:56  Drone  
  20  2:00  Queen  
  23  2:02  Drone  
  23  2:07  Queen  
  26  2:14  Overlord  
  26  2:16  Drone  
  26  2:20  Drone  
  28  2:32  Zergling x4  
  28  2:33  Drone x2  
  28  2:36  Queen  
  34  2:43  Overlord  
  34  2:44  Drone  
  35  2:53  Drone  
  35  2:58  Drone x2  
  38  2:59  Queen  
  38  3:04  Drone, Evolution Chamber  
  38  3:05  Drone  
  41  3:08  Drone x3  
  41  3:10  Drone  
  45  3:17  Drone  
  45  3:18  Drone x3  
  49  3:22  Overlord  
  49  3:24  Extractor  
  49  3:26  Extractor  
  47  3:31  Drone  
  47  3:33  Drone x2  
  50  3:35  Roach Warren, Extractor  
  50  3:36  Extractor  
  50  3:39  Drone x2  
  49  3:42  Drone  
  49  3:43  Drone x2  
  49  3:44  Drone  
  53  3:50  Drone x3  
  53  3:51  Drone  
  53  3:55  Overlord  
  57  3:57  Drone  
  58  4:12  Overlord  
  58  4:15  Drone x6  
  64  4:18  Lair  
  64  4:21  Drone  
  65  4:25  Evolution Chamber  
  65  4:27  Drone x2  
  65  4:30  Extractor, Overlord  
  65  4:32  Extractor  
  65  4:37  Drone x6  
  70  4:39  Drone  
  70  4:43  Overlord  
  70  4:44  Drone x2  
  73  4:52  Overlord  
  73  4:57  Roach x4  
  81  5:00  Overlord  
  81  5:03  Roach  
  72  5:08  Roach  
  72  5:09  Roach  
  72  5:13  Roach  
  71  5:17  Roach  
Show
View Real Time Build Order
Export as new Build Order

YoungYakov Zerg - Winner!

Build Orders: Hatch First, Roach Nydus 

Get SALT Encoding   

  12  0:00  Drone  
  13  0:12  Overlord  
  13  0:17  Drone  
  14  0:30  Drone  
  14  0:31  Drone  
  16  0:48  Hatchery  
  15  0:51  Drone  
  15  0:55  Drone  
  17  0:58  Drone  
  18  1:09  Extractor  
  17  1:13  Spawning Pool  
  17  1:16  Drone  
  17  1:20  Drone  
  18  1:28  Drone  
  19  1:38  Drone  
  20  1:49  Drone  
  21  2:00  Queen x2, Overlord  
  25  2:01  Zergling x2  
  26  2:11  Drone x2  
  28  2:21  Drone  
  28  2:22  Drone  
  30  2:31  Hatchery  
  30  2:32  Drone  
  30  2:33  Drone  
  31  2:45  Drone, Overlord  
  32  2:56  Evolution Chamber  
  32  2:57  Roach Warren  
  29  3:01  Lair  
  29  3:03  Drone x2  
  31  3:07  Zergling x2  
  31  3:12  Extractor  
  31  3:13  Drone x2  
  31  3:14  Drone  
  34  3:20  Drone x2  
  34  3:24  Zerg Missile Weapons Level 1  
  36  3:33  Overlord  
  36  3:34  Drone x2  
  36  3:37  Extractor  
  37  3:46  Drone x3  
  37  3:47  Overlord  
  40  4:00  Roach x3  
  40  4:01  Nydus Network  
  45  4:07  Roach x2  
  49  4:14  Roach x2  
  53  4:21  Roach x3  
  59  4:30  Roach x2  
  63  4:42  Nydus Canal  
  62  4:46  Roach, Overlord x2  
  62  4:49  Roach  
  62  4:52  Overlord  
  66  4:58  Evolution Chamber  
  65  5:04  Roach x3  
  65  5:05  Roach  
  73  5:12  Roach x2  
Tags
 
Add a new tag
Caveats
  • Supply blocks, unpowered buildings, or Contaminate may cause inaccurate times.
  • Supply counts are checked every 10 seconds.